 Dungeon Crawl Stone Soup version 0.28.0 (webtiles) character file.

Game seed: 4530094092457952483

41330 browni3141 the Warrior (level 13, 0/130 HPs)
             Began as a Minotaur Berserker on Feb 10, 2022.
             Was a High Priest of Trog.
             Succumbed to a naga mage's bolt of poison
             ... on level 1 of the Snake Pit.
             The game lasted 00:11:12 (19222 turns).

browni3141 the Warrior (Minotaur Berserker)        Turns: 19222, Time: 00:11:13

Health: 0/130      AC: 20    Str: 32    XL:     13   Next: 79%
Magic:  12/12      EV: 16    Int:  4    God:    Trog [*****.]
Gold:   730        SH:  0    Dex: 11    Spells: 12/12 levels left

rFire   . . .      SeeInvis .   C - +0 battleaxe (venom)
rCold   . . .      Faith    +   (shield currently unavailable)
rNeg    . . .      Spirit   .   z - +0 plate armour
rPois   +          Reflect  .   y - +1 hat
rElec   .          Harm     .   W - +2 cloak {rPois}
rCorr   .          Rampage  .   (no gloves)
Will    .....                   (no boots)
Stlth   ..........              r - amulet of faith
HPRegen 0.31/turn               m - +4 ring of evasion
MPRegen 0.13/turn               I - +6 ring of strength

@: mighty, lethally poisoned (0 -> -6), attractive
A: horns 2, retaliatory headbutt
a: Renounce Religion, Berserk, Trog's Hand, Brothers in Arms


You were on level 1 of the Snake Pit.
You worshipped Trog.
Trog was extremely pleased with you.
You visited 3 branches of the dungeon, and saw 17 of its levels.

You collected 970 gold pieces.
You spent 240 gold pieces at shops.

Inventory:

Hand Weapons
 a - a +0 hand axe
 C - a +0 battleaxe of venom (weapon)
 G - a +1 vorpal battleaxe
Missiles
 A - a throwing net
Armour
 b - a +0 animal skin
 j - a +0 scale mail
 y - a +1 hat (worn)
 z - a +0 plate armour (worn)
 E - a scarf of harm
 W - a +2 cloak of poison resistance (worn)
Jewellery
 m - a +4 ring of evasion (left hand)
 r - an amulet of faith (around neck)
 u - a ring of positive energy
 I - a +6 ring of strength (right hand)
 N - a +6 ring of strength
 P - a +6 ring of intelligence
 S - an amulet of regeneration
 U - a +4 ring of evasion
Wands
 l - a wand of mindburst (28)
 p - a wand of flame (42)
 w - a wand of acid (9) (quivered)
 O - a wand of polymorph (3)
Scrolls
 d - 2 scrolls of amnesia
 e - a scroll of holy word
 g - 8 scrolls of teleportation
 h - 5 scrolls of enchant weapon
 q - 2 scrolls of torment
 s - 3 scrolls of blinking
 t - 3 scrolls of noise
 x - 3 scrolls of magic mapping
 B - a scroll of enchant armour
 D - a scroll of fear {unknown}
 F - a scroll of vulnerability {unknown}
 H - 4 scrolls of silence {unknown}
 J - a scroll of fog {unknown}
 L - 2 scrolls of identify
 M - a scroll of acquirement {unknown}
 T - a scroll of brand weapon {unknown}
Potions
 c - a potion of attraction
 f - a potion of magic {unknown}
 i - 2 potions of resistance {unknown}
 k - 2 potions of haste {unknown}
 n - 3 potions of might
 o - 3 potions of curing {unknown}
 v - a potion of mutation {unknown}
 K - a potion of heal wounds {unknown}
 Q - 2 potions of brilliance {unknown}
 R - 2 potions of flight {unknown}
 V - a potion of experience {unknown}


   Skills:
 * Level 16.9 Fighting
 * Level 16.9 Axes
 + Level 12.0 Armour
 + Level 11.1 Dodging


You had 12 spell levels left.
You didn't know any spells.
Your spell library was empty.

Dungeon Overview and Level Annotations

Branches:
Dungeon (10/15)            Temple (0/1) D:4            Lair (6/6) D:10
  Swamp (0/4) Lair:2        Snake (1/4) Lair:2        Slime (0/5) Lair:6
    Orc (0/2) D:10

Altars:
Ashenzari
Cheibriados
Fedhas
Gozag
Hepliaklqana
Makhleb
Qazlal
Sif Muna
Uskayaw
Vehumet
Yredelemnul
Zin
The Shining One
Jiyva

Shops:
D:1 [[*(*

Annotations:
D:8 1 runed translucent door, GrayStillPlays's ghost, novice GnCA
Lair:5 1 runed translucent door
Lair:6 1 runed translucent door


Innate Abilities, Weirdness & Mutations

You have a pair of horns on your head.
You reflexively headbutt those who attack you in melee.


Message History

You are more poisoned.
You resist.
* * * LOW HITPOINT WARNING * * *
You are too injured to fight recklessly!
You are too injured to fight recklessly!
You are too injured to fight recklessly!
You are too injured to fight recklessly!
You completely miss the naga mage.
You headbutt the naga mage, but do no damage.
The naga mage is heavily wounded.
You feel very sick.
A salamander comes into view. It is wielding a +0 glaive.
The naga mage hits you but does no damage.
The naga mage closely misses you.
You slice the naga mage!!
The naga mage looks as sick as possible!
The naga mage is almost dead.
You feel very sick. The naga mage spits poison at you.
The splash of poison hits you but does no damage.
You resist. The salamander closely misses you.
You slash the naga mage!
You kill the naga mage!
Trog accepts your kill.
Trog appreciates your killing of a magic user.
You feel sick.
The salamander hits you from afar with a +0 glaive!
* * * LOW HITPOINT WARNING * * *
You are engulfed in flames!
* * * LOW HITPOINT WARNING * * *
Unknown command.
Unknown command.
It was a potion of might.
You feel very mighty all of a sudden.
* * * LOW HITPOINT WARNING * * *
You feel sick. The salamander barely misses you.
Unknown command.
It was a potion of attraction.
You feel attractive to monsters.
You die...

##..... ##.......
##........ ##.........
# ### #...)...... ##.
..## #..........
#.⌠#####⌠.# #.........#
#.##...##.###).......##
#.#.⌠.⌠.#.#.@†......##
#....<..#.N.##......#
#.#.⌠.⌠.#.#####.....#
#.##...##.# #.)...#
#.⌠#####⌠.# ###..##
##.......## ###
#########


You could see a salamander.

Vanquished Creatures
  A dire elephant (Lair:6)
  2 hydras
  A boulder beetle (Lair:6)
  An anaconda (Snake:1)
  A two-headed ogre (D:9)
  5 death yaks (Lair:6)
  A naga ritualist (Snake:1)
  A naga mage (Snake:1)
  16 elephants
  10 black mambas
  7 cane toads
  Maggie (D:9)
  2 rime drakes
  7 komodo dragons
  2 trolls
  6 polar bears
  Grinder (D:4)
  2 blink frogs
  A spriggan (Lair:4)
  3 wyverns
  A steam dragon (D:6)
  35 yaks
  3 basilisks
  6 orc warriors
  22 water moccasins
  An ice beast (D:6)
  2 sky beasts (D:7)
  A necrophage (D:6)
  10 wolves
  7 ogres
  5 centaurs
  6 kobold brigands
  12 bullfrogs
  6 gnoll sergeants
  A scorpion (D:5)
  2 wyvern skeletons (D:7)
  A water moccasin skeleton (D:3)
  5 killer bees (D:9)
  18 wights
  3 electric eels
  A centaur zombie (D:8)
  3 orc priests
  3 bullfrog skeletons
  A gnoll shaman (D:7)
  7 hounds
  Ijyb (D:4)
  2 iguanas
  3 orc wizards
  2 killer bee zombies (D:7)
  3 howler monkey zombies
  25 gnolls
  A howler monkey skeleton (D:6)
  5 adders
  3 ufetubi
  4 dart slugs
  A worm (D:4)
  20 orcs
  4 endoplasms
  3 giant cockroaches
  3 goblins
  3 hobgoblins
  2 jackals (D:2)
  4 kobolds
  5 quokkas
  3 ball pythons
  3 bats
  6 rats
339 creatures vanquished.

Vanquished Creatures (collateral kills)
  A hydra (Lair:6)
  A catoblepas (Lair:6)
  A deep troll shaman (Lair:6)
  3 elephants (Lair:4)
  3 blink frogs (Lair:4)
9 creatures vanquished.

Vanquished Creatures (others)
  A mana viper (Snake:1)
  37 fungi
  43 plants
81 creatures vanquished.

Grand Total: 429 creatures vanquished

Notes
Turn   | Place    | Note
-------+----------+-------------------------------------------
     0 | D:1      | browni3141 the Minotaur Berserker began the quest for the
                  | Orb.
     0 | D:1      | Reached XP level 1. HP: 19/19 MP: 0/0
    17 | D:1      | Found Eratt's General Store.
    47 | D:1      | Found Degeism's Armour Emporium.
   349 | D:1      | Found Fewaudiopp's Antique Armour Shop.
   554 | D:1      | Found Haatyja's Weapon Shoppe.
   679 | D:1      | Reached XP level 2. HP: 17/27 MP: 1/1
   983 | D:1      | Found Onebb's Assorted Antiques.
  1506 | D:2      | Reached XP level 3. HP: 32/33 MP: 2/2
  1626 | D:2      | Found a stormy altar of Qazlal.
  1937 | D:2      | HP: 2/51 [gnoll (6)]
  1939 | D:2      | Reached XP level 4. HP: 3/41 MP: 3/3
  2384 | D:3      | Found a burning altar of Makhleb.
  2460 | D:3      | Reached ** piety under Trog
  2466 | D:3      | Reached skill level 5 in Fighting
  2599 | D:3      | Reached skill level 5 in Axes
  2599 | D:3      | Reached XP level 5. HP: 24/48 MP: 4/4
  2961 | D:3      | You fall into a shaft and drop 1 floor!
  2996 | D:4      | Noticed Grinder
  3020 | D:4      | Killed Grinder
  3021 | D:4      | Reached XP level 6. HP: 6/57 MP: 5/5
  3293 | D:4      | Found a staircase to the Ecumenical Temple.
  3510 | D:4      | Noticed Ijyb
  3518 | D:4      | Killed Ijyb
  4000 | D:4      | Found a radiant altar of Vehumet.
  4175 | D:5      | Entered Level 5 of the Dungeon
  4211 | D:5      | Reached XP level 7. HP: 64/64 MP: 6/6
  5177 | D:6      | Noticed a steam dragon
  5188 | D:6      | Killed a steam dragon
  5189 | D:6      | Reached skill level 5 in Armour
  5189 | D:6      | Reached XP level 8. HP: 49/73 MP: 7/7
  5938 | D:7      | Reached skill level 5 in Dodging
  6034 | D:7      | Reached *** piety under Trog
  6260 | D:7      | Noticed a troll
  6269 | D:7      | Killed a troll
  6274 | D:7      | Reached XP level 9. HP: 83/83 MP: 8/8
  6529 | D:7      | Found a basalt altar of Yredelemnul.
  7072 | D:7      | Found a glowing golden altar of the Shining One.
  7137 | D:8      | Reached skill level 10 in Fighting
  7139 | D:8      | Reached skill level 10 in Axes
  7281 | D:8      | Found a runed translucent door.
  7283 | D:8      | Noticed GrayStillPlays's ghost (novice GnCA)
  7286 | D:8      | Identified the +7 spear "Xalosm" {vamp, rElec rF+ Will+
                  | Dex+4}
  7293 | D:8      | Noticed a polar bear
  7312 | D:8      | Reached **** piety under Trog
  7857 | D:9      | Reached XP level 10. HP: 94/94 MP: 9/9
  8240 | D:9      | Noticed Maggie
  8254 | D:9      | Killed Maggie
  8415 | D:9      | Found a broken altar of Ashenzari.
  8454 | D:9      | Noticed a two-headed ogre
  8461 | D:9      | Killed a two-headed ogre
  9068 | D:10     | Entered Level 10 of the Dungeon
  9465 | D:10     | Found an opulent altar of Gozag.
  9547 | D:10     | Reached XP level 11. HP: 91/105 MP: 10/10
  9670 | D:10     | Found a staircase to the Orcish Mines.
  9747 | D:10     | Found a staircase to the Lair.
  9895 | D:10     | Found a blossoming altar of Fedhas.
  9902 | D:10     | Found a hide-covered altar of Uskayaw.
  9908 | D:10     | Found a snail-covered altar of Cheibriados.
  9915 | D:10     | Found a hazy altar of Hepliaklqana.
  9921 | D:10     | Found a glowing silver altar of Zin.
  9932 | D:10     | Found a basalt altar of Yredelemnul.
  9940 | D:10     | Found a shimmering blue altar of Sif Muna.
 10145 | Lair:1   | Entered Level 1 of the Lair of Beasts
 10537 | Lair:1   | You fall into a shaft and drop 1 floor!
 10808 | Lair:2   | Reached ***** piety under Trog
 11649 | Lair:2   | Found a staircase to the Swamp.
 11806 | Lair:2   | Found a staircase to the Snake Pit.
 11901 | Lair:3   | Identified the +5 falchion of the Silent Majority {freeze,
                  | rC+ rN+}
 12676 | Lair:3   | Noticed a seven-headed hydra
 12685 | Lair:3   | Killed a seven-headed hydra
 13313 | Lair:4   | Noticed an eight-headed hydra
 13324 | Lair:4   | Killed a nine-headed hydra
 13325 | Lair:4   | Reached XP level 12. HP: 42/117 MP: 11/11
 13354 | Lair:4   | Reached skill level 10 in Armour
 14660 | Lair:4   | Reached skill level 15 in Fighting
 14660 | Lair:4   | Reached skill level 15 in Axes
 15282 | Lair:5   | Reached skill level 10 in Dodging
 16067 | Lair:5   | Found a runed translucent door.
 16122 | Lair:6   | Entered Level 6 of the Lair of Beasts
 16160 | Lair:6   | Noticed a boulder beetle
 16164 | Lair:6   | Killed a boulder beetle
 16297 | Lair:6   | Reached XP level 13. HP: 127/127 MP: 12/12
 17004 | Lair:6   | Found a runed translucent door.
 17005 | Lair:6   | Found a viscous altar of Jiyva.
 17007 | Lair:6   | Found a staircase to the Slime Pits.
 18070 | Lair:6   | Noticed a dire elephant
 18076 | Lair:6   | Killed a dire elephant
 18375 | Snake:1  | Entered Level 1 of the Snake Pit
 18841 | D:1      | Bought a +2 cloak of poison resistance for 240 gold pieces
 19220 | Snake:1  | HP: 3/130 [salamander (15)]
 19221 | Snake:1  | HP: 1/130 [poisoned by a naga mage (bolt of poison)]
 19222 | Snake:1  | Succumbed to a naga mage's bolt of poison

Illustrated notes

Levels and vault maps discovered:
D:1:      minmay_arrival_doors, layout_basic, serial_shops,
          nicolae_diamond_shop, nicolae_shop_advertising_works
          [nicolae_subvault_shop_adworks], nicolae_lakefront_shop,
          nicolae_shop_window_shopping, shop
D:2:      layout_rooms, basic_altar
D:3:      layout_basic, bloody_makhleb, grunt_decor_clamped, amethyst_killhole,
          minmay_misc_feat_rows
D:4:      layout_basic, vehumet_altar_wand_db, temple_pool_b,
          gup_sewer_entry_pipe, st_stairs_6, minmay_misc_feat_secret_circle,
          kennysheep_nondescript, uniq_ijyb, uniq_grinder
D:5:      layout_gridville
D:6:      layout_cave_pods
D:7:      layout_rooms, nicolae_tso_swordbearing_angel, minmay_ruined_shrine
D:8:      layout_gridville, ebering_ghost_funeral_grove
D:9:      layout_loops_corners, lemuel_crystal_altar, uniq_maggie
D:10:     layout_small_grid, grunt_temple_overflow_octagram,
          mainiacjoe_overflow_boulevard, grunt_lair_entry_orc_guard_hut,
          kennysheep_orc_monster_closet_entryway
Lair:1:   layout_gridlike
Lair:2:   layout_gridlike, swamp_mist_pool, dummy_snake_entry
Lair:3:   layout_loops_ring, grunt_megastairs_4
Lair:4:   layout_loops_ring, grunt_forest_large_clearing_hut,
          infiniplex_staircase_pool, lemuel_fruit_tree
Lair:5:   gammafunk_indiana_jones, layout_regular_city,
          minmay_stone_trees_small, serial_bayou_shore_b
Lair:6:   grunt_lair_end_beastmaster, layout_small_grid, slime_altar_2
Snake:1:  layout_cave_pods, grunt_ministairs_11, nrook_loot_triangle

Skill      XL: |  1  2  3  4  5  6  7  8  9 10 11 12 13 |
---------------+----------------------------------------+-----
Fighting       | 4 5 6 7 9 10 12 14 15 16 | 16.9
Axes           | 4 5 6 7 8 10 12 14 15 16 | 16.9
Armour         | 3 4 5 6 7 8 9 11 12 | 12.0
Dodging        | 3 4 5 6 7 9 10 11 | 11.1

Action                   |  1- 3 |  4- 6 |  7- 9 | 10-12 | 13-15 || total
-------------------------+-------+-------+-------+-------+-------++-------
Melee: Hand axe          |    57 |   104 |   235 |       |       ||   396
       Headbutt          |     7 |    13 |    57 |    52 |    29 ||   158
       Punch             |       |       |     3 |       |       ||     3
       Battleaxe         |       |       |    33 |   326 |   122 ||   481
Throw: Throwing net      |       |       |       |     1 |       ||     1
Invok: Berserk           |     3 |     2 |     9 |     4 |     1 ||    19
       Trog's Hand       |       |     2 |       |     1 |       ||     3
       Brothers in Arms  |       |       |       |     2 |     2 ||     4
Evoke: Wand              |       |       |       |     8 |       ||     8
  Use: Scroll            |       |       |       |    10 |       ||    10
       Potion            |       |       |       |       |     2 ||     2
 Stab: Petrified         |       |       |       |       |     7 ||     7
       Petrifying        |       |       |       |       |     1 ||     1
Armor: Animal skin       |    12 |     3 |       |       |       ||    15
       Scale mail        |       |     9 |    25 |       |       ||    34
       Plate armour      |       |       |    88 |   172 |    58 ||   318
Dodge: Dodged            |    51 |    63 |   207 |   269 |   101 ||   691
